[Event "*** Titled Tuesday Blitz"]
[Site "Chess.com"]
[Date "2020.04.21"]
[Round "6"]
[White "ChadBiryani"]
[Black "gahryman"]
[Result "0-1"]
[WhiteElo "2365"]
[BlackElo "2667"]
[TimeControl "180+1"]
[EndTime "11:09:55 PDT"]
[Termination "gahryman won by resignation"]

1. b3 d5 2. Bb2 Bg4 3. h3 Bh5 4.
g4 Bg6 5. Bg2 c6 6. d3 Nd7 7. Nd2 e5 8. e4 Ngf6 9. Ne2 dxe4 10.
dxe4 Bc5 11. Ng3 Qc7 12. Qe2 O-O-O 13. O-O-O Nf8 14. Nc4 N6d7 15. Nf5 Ne6 16. Bf1 f6 17. Qf3 Kb8 18. Kb1 Nb6 19. Be2 Nf4 20. Nxb6 axb6 21.
h4 h5 22. Ne3 Nxe2 23. Qxe2 Bxe4 24. Rxd8+ Rxd8 25. Rg1 hxg4 26. Nxg4 Bh7 27. h5 Bb4 28. Rd1 Rxd1+ 29. Qxd1 Qd6 30. Qxd6+ Bxd6 31. h6 gxh6 32. Nxf6 Bf5 33. Ne8 Bc5 34. Bxe5+ Ka7 35. f3 h5 36. Bg3 Be7 37. Ng7 Bg6 38. Ne6 h4 39. Bh2 Bf5 40. Nd4 Bd7 41. Kc1 c5 42. Ne2 Bc6 43. f4 Bd6 44.
Kd2 b5 45. Ke3 b4 46. Kf2 b5 47. Nc1 c4 48. Ne2 c3 49. Nd4 Bc5 50. Ke3 Bd7 51. Ke4 Ka6 52. Kd5 Bxd4 53. Kxd4 Bf5 54. Ke5 Bxc2 55. Kd4 Bf5 56. Ke3 Kb7 57. Bg1 Kc6 58. Bh2 Kd5 59. Ke2 h3 60. Kd1 Ke4 61. Kc1 Kf3 62. Bg1 Kg2 63. Bc5 h2 0-1

[Event "*** Titled Tuesday Blitz"]
[Site "Chess.com"]
[Date "2020.04.21"]
[Round "6"]
[White "raviteja81293"]
[Black "NTDVAN12"]
[Result "1-0"]
[WhiteElo "2787"]
[BlackElo "2630"]
[TimeControl "180+1"]
[EndTime "11:09:56 PDT"]
[Termination "raviteja81293 won by resignation"]

1. Nf3 d5 2. d4 Nf6 3. c4 e6 4.
e3 Be7 5. Nc3 O-O 6. b3 c5 7. Bb2 cxd4 8. Nxd4 dxc4 9. Bxc4 a6 10. Be2 e5 11. Nf3 Nc6 12. O-O Bf5 13. Rc1 Rc8 14.
Nh4 Be6 15. Qc2 g6 16. Rfd1 Qc7 17. Nf3 Rfd8 18. Rxd8+ Rxd8 19. Rd1 Kg7 20. h3 Kg8 21. Qc1 e4 22. Ng5 Bf5 23. g4 Rxd1+ 24. Qxd1 h6 25.
gxf5 hxg5 26. fxg6 fxg6 27. Bc4+ Kh7 28. Nd5 Qd8 29.
Nxf6+ Bxf6 30. Qxd8 Bxd8 31. Bd5 Nb4 32. Bxb7 Nxa2 33. Bxa6 Nb4 34. Bb7 Nd3 35. Bd4 Nc1 36.
b4 Ne2+ 37. Kf1 Nxd4 38. exd4 Kg7 39. Bxe4 Bb6 40. d5 Kf6 41. f3 Ke5 42. Ke2 Kd6 43.
Kd3 Bg1 44. Kc4 Bf2 45. Bxg6 Bg1 46. Be8 Bf2 47. b5 Bg1 48. Bc6 Bf2 49. Kd3 Bg1 50. Ke4 Bb6 51. Kf5 Be3 52. Kg4 Ke5 53. h4 gxh4 54.
Kxh4 Bc5 55. Kg5 Be3+ 56. Kg4 Bc5 57. f4+ Kf6 58. f5 Kf7 59. Kg5 Kf8 60. Kf6 1-0

[Event "*** Titled Tuesday Blitz"]
[Site "Chess.com"]
[Date "2020.04.21"]
[Round "6"]
[White "narutosmith"]
[Black "Oligan22"]
[Result "0-1"]
[WhiteElo "2259"]
[BlackElo "2428"]
[TimeControl "180+1"]
[EndTime "11:09:57 PDT"]
[Termination "Oligan22 won by resignation"]

1. c4 c5 2. Nc3 e6 3. Nf3 b6 4. g3 Bb7 5. Bg2 Nf6 6. O-O Be7 7. d4 cxd4 8. Qxd4 Nc6 9. Qd2 a6 10. b3 Qc7 11. Bb2 Rd8 12. Rac1 O-O 13. Rfd1 Qb8 14. e4 Bb4 15. Qe2 Ng4 16. h3 Nge5 17.
Nxe5 Nxe5 18. a3 Bc5 19. b4 Be7 20. f4 Ng6 21. Na4 Bc6 22. b5 Ba8 23. bxa6 Qa7 24. h4 Bc6 25. Nc3 Bc5+ 26. Kh2 h6 27. h5 Ne7 28. Nb5 Qxa6 29. Qg4 f6 30. Nd4 e5 31.
Nf5 Nxf5 32. exf5 Bxg2 33. Kxg2 d6 34. fxe5 dxe5 35. Rxd8 Rxd8 36. Rd1 Rxd1 37. Qxd1 Qxc4 38. Qd2 Qe4+ 39. Kh2 Qxf5 40. a4 Qxh5+ 41. Kg2 Qg4 42. Qd5+ Kh7 43. Qd3+ Qg6 44. Qc4 Qf5 45. Qe2 e4 46. a5 bxa5 47. Bc1 a4 48. Bd2 a3 49. Bc3 e3 50. Qf3 Qxf3+ 51. Kxf3 Kg6 52. Ke2 Kf5 53. Kf3 Ke6 54. g4 g6 55. Ke2 h5 56. Kf3 hxg4+ 57. Kxg4 f5+ 58. Kf3 g5 59. Ke2 f4 60. Kf3 Kf5 61.
Ke2 g4 62. Kf1 f3 63. Ke1 e2 64. Kd2 Bf2 65. Bb4 e1=Q+ 0-1

[Event "*** Titled Tuesday Blitz"]
[Site "Chess.com"]
[Date "2020.04.21"]
[Round "6"]
[White "Jumbo"]
[Black "Hikaru"]
[Result "0-1"]
[WhiteElo "2834"]
[BlackElo "3229"]
[TimeControl "180+1"]
[EndTime "11:09:58 PDT"]
[Termination "Hikaru won by resignation"]

1. d4 g6 2. c4 Bg7 3. Nc3 d6 4. h4 Nc6 5. d5 Na5 6. e4 h5 7.
Nf3 c5 8. Ng5 Nh6 9. Be2 Bd7 10.
Bd2 a6 11. Qc2 Rb8 12. a4 Qb6 13. Ra3 Ng4 14. O-O Ne5 15. Nd1 Qc7 16. Ne3 b6 17. g3 Qc8 18. f4 Ng4 19. Bxg4 Bxg4 20. f5 Bd4 21. Kg2 Bxe3 22. Bxe3 gxf5 23. exf5 f6 24. Ne6 Kf7 25. Bd2 Nb7 26. Re3 Nd8 27. Bc3 Rb7 28. Qe4 Qd7 29. b3 b5 30. axb5 axb5 31. Rf4 Rg8 32. Qc2 bxc4 33. bxc4 Ra7 34.
Rf1 Qa4 35. Qxa4 Rxa4 36. Rf4 Nxe6 37. fxe6+ Kg6 38. Kf2 Ra2+ 39. Kf1 Rb8 40. Be1 Rb1 41.
Rf2 Raa1 42. Rd2 Rc1 43. Re4 f5 44. Re3 Rxc4 45. Kg2 f4 46. gxf4 Bf5 47. Bg3 Be4+ 48. Kf2 Kf5 49. Rde2 Rac1 50. Rd2 R1c2 51. Rxc2 Rxc2+ 52.
Ke1 Bxd5 53. Ra3 Kxe6 54. Re3+ Kf6 55. f5 Rc4 56. Bf2 Re4 57. Rxe4 Bxe4 58. Be3 Kxf5 59. Bg5 e5 60. Be7 Ke6 61. Bf8 c4 62. Kd2 d5 63.
Bc5 Bd3 0-1

[Event "*** Titled Tuesday Blitz"]
[Site "Chess.com"]
[Date "2020.04.21"]
[Round "6"]
[White "vovachesss"]
[Black "ChessTraining77"]
[Result "1/2-1/2"]
[WhiteElo "2626"]
[BlackElo "2765"]
[TimeControl "180+1"]
[EndTime "11:09:58 PDT"]
[Termination "Game drawn - insufficient material"]

1. e4 c6 2. c4 d5 3. cxd5 cxd5 4.
exd5 Nf6 5. Qa4+ Nbd7 6. Nc3 g6 7. Bc4 a6 8. d3 Bg7 9. Nf3 O-O 10. Qa3 b6 11.
O-O Bb7 12. Qb3 b5 13. a4 Nc5 14. Qb4 bxc4 15. Qxc5 cxd3 16. Rd1 Nxd5 17. Rxd3 e6 18. Bg5 Qc8 19. Qa3 Nxc3 20. bxc3 Bd5 21. Rad1 Qc4 22.
Be3 Be4 23. Rd7 Qxc3 24. Qe7 Qf6 25. Bg5 Qxe7 26. Bxe7 Rfe8 27. Ng5 Bc6 28. Rc7 Rac8 29. Ra7 Bxa4 30. Rb1 Rxe7 31. Rxe7 Bf6 32. Ra7 Bxg5 33. Rxa6 Bb3 34. h4 Bc4 35. Ra4 Bf6 36. Rc1 Ba6 37.
Rxc8+ Bxc8 38. Ra8 Bxh4 39. Rxc8+ Kg7 40. g3 Bf6 41.
Kg2 h5 42. Rc4 g5 43. f4 g4 44. Rc5 Kg6 45. Rb5 h4 46. gxh4 Bxh4 47. Ra5 f5 48.
Ra6 Kf7 49. Ra7+ Be7 50. Kg3 Kf6 51. Ra2 Bb4 52. Re2 Bc3 53. Re3 Bd2 54. Rd3 Be1+ 55. Kg2 Bb4 56. Rd4 Bc5 57. Rc4 Bd6 58. Ra4 e5 59.
fxe5+ Bxe5 60. Ra6+ Kg5 61. Ra5 Bf4 62. Rb5 Bd6 63.
Rd5 Bf4 64. Rb5 Be3 65. Rd5 Kf6 66. Rb5 f4 67. Rb3 Kg5 68. Rb5+ Kh4 69. Rf5 f3+ 70. Rxf3 gxf3+ 71. Kxf3 1/2-1/2

[Event "*** Titled Tuesday Blitz"]
[Site "Chess.com"]
[Date "2020.04.21"]
[Round "6"]
[White "RovenVogel"]
[Black "TengisChess"]
[Result "1-0"]
[WhiteElo "2695"]
[BlackElo "2475"]
[TimeControl "180+1"]
[EndTime "11:09:59 PDT"]
[Termination "RovenVogel won by checkmate"]

1. d4 Nf6 2. c4 g6 3. Nc3 Bg7 4. g3 O-O 5. Bg2 d6 6. Nf3 c5 7. d5 Na6 8. O-O Nc7 9. a4 a6 10. a5 Rb8 11. Bd2 b5 12. axb6 Rxb6 13.
b3 e6 14. dxe6 Bxe6 15. Ng5 Qb8 16. Ra3 Rd8 17. Nxe6 Nxe6 18. e3 Nc7 19. Qc2 d5 20. Nxd5 Ncxd5 21. cxd5 Nxd5 22. Ba5 Nb4 23. Qc4 Rd2 24.
Bxb6 Qxb6 25. Ra4 Bf6 26. Bf3 Kg7 27. Rd1 Rxd1+ 28. Bxd1 Qd6 29. Bf3 Bd8 30. Ra1 Qf6 31. Rd1 Be7 32. Kg2 h5 33. h4 Na2 34. Rd7 Nb4 35. Qe4 Kf8 36. Be2 Nc6 37. Rd5 Bd6 38.
Bc4 Ne5 39. Bxa6 Ng4 40. Rd2 Kg7 41. Bc8 Ne5 42. Qd5 Bb8 43. Bb7 Ba7 44. Qd8 Qf5 45.
Qd5 Qf6 46. Ba6 Ng4 47. Bc4 Bb8 48. Qf3 Qe7 49. Ra2 Bc7 50. Ra7 Ne5 51. Qd5 Qf6 52. Rxc7 Kh6 53. Rxf7 Nxf7 54. Qxf7 Qd6 55. Qf4+ Qxf4 56.
gxf4 Kg7 57. Kf3 g5 58. fxg5 Kg6 59. Ke4 Kg7 60. Kd5 Kf8 61. Kxc5 Ke7 62. b4 Kd7 63. b5 Kd8 64. b6 Kc8 65. Kc6 Kb8 66. g6 Ka8 67. g7 Kb8 68. g8=Q# 1-0

[Event "*** Titled Tuesday Blitz"]
[Site "Chess.com"]
[Date "2020.04.21"]
[Round "6"]
[White "kuba2006"]
[Black "Leo_C"]
[Result "1-0"]
[WhiteElo "2445"]
[BlackElo "2283"]
[TimeControl "180+1"]
[EndTime "11:10:00 PDT"]
[Termination "kuba2006 won by resignation"]

1. e4 c6 2. d4 d5 3. e5 c5 4.
dxc5 e6 5. Be3 Nh6 6. c3 Nf5 7. Bd4 Bd7 8. Nf3 Nc6 9. a3 a5 10. Be2 Be7 11. O-O O-O 12. Nbd2 f6 13. exf6 gxf6 14. Bd3 e5 15. Bxf5 Bxf5 16. Be3 a4 17. Rc1 Ra5 18. c4 d4 19. Bh6 Rf7 20. Nh4 Be6 21. Qh5 f5 22. Ng6 Bf6 23. Nf3 hxg6 24. Qxg6+ Kh8 25. Ng5 Bxg5 26. Bxg5 Qg8 27. Qh6+ Qh7 28.
Qxe6 Rxc5 29. Bf6+ Kg8 30. Rfe1 e4 31. Qd6 Ra5 32.
Bxd4 Nxd4 33. Qxd4 Ra8 34. Qe5 Raf8 35. Qf4 Rg7 36.
c5 Qg6 37. g3 Qc6 38. Qd6 Qxd6 39. cxd6 Rd7 40. Red1 Rfd8 41. Rc4 Rxd6 42. Rxd6 Rxd6 43. Rxa4 Rd1+ 44. Kg2 Rd7 45. Ra5 Rf7 46. Rb5 Kg7 47. f3 exf3+ 48. Kxf3 Kg6 49. Kf4 Rc7 50. Rb6+ Kg7 51.
Kxf5 Rc5+ 52. Ke6 Rc7 53. a4 Rf7 54. a5 Rf6+ 55. Kd7 Rf7+ 56. Kc8 Rf5 57. Rxb7+ Kg6 58. a6 Ra5 59. a7 Kg5 60. Kb8 Kg4 61. a8=Q Rxa8+ 62. Kxa8 Kh3 63. Rh7+ Kg2 64. b4 Kf1 65. b5 Ke1 66. b6 Kd1 67. b7 Kc1 68. b8=Q 1-0

[Event "*** Titled Tuesday Blitz"]
[Site "Chess.com"]
[Date "2020.04.21"]
[Round "6"]
[White "chessfrendz"]
[Black "TheRigos"]
[Result "0-1"]
[WhiteElo "2315"]
[BlackElo "2511"]
[TimeControl "180+1"]
[EndTime "11:10:01 PDT"]
[Termination "TheRigos won on time"]

1. Nf3 Nf6 2. c4 g6 3. Nc3 Bg7 4. d4 d5 5. Bf4 O-O 6. e3 c5 7. Rc1 cxd4 8. Nxd4 Nc6 9. cxd5 Nxd5 10. Nxd5 Nxd4 11.
Nc7 e5 12. Bg3 Bg4 13. Qxg4 Rc8 14. exd4 Rxc7 15. Rxc7 Qxc7 16. Bd3 f5 17. Qd1 f4 18. Bh4 g5 19. Bxg5 e4 20. Bxe4 Qa5+ 21. Qd2 Qxg5 22. O-O Rd8 23. d5 Qe5 24. Bf3 Qxb2 25. Qxb2 Bxb2 26.
Rb1 Bd4 27. Rxb7 Rc8 28. Kf1 Rc2 29. d6 Rd2 30. d7 Bb6 31. Ke1 Rd4 32. Ke2 Kf8 33.
Rb8+ Ke7 34. Bg4 h5 35. Bf5 Rd5 36. Bh3 Bd8 37. Rb4 Bc7 38. Re4+ Kf7 39. g3 Ra5 40. Kf3 Ra3+ 41. Kg2 f3+ 42. Kg1 Rd3 43. Be6+ Kf6 44.
h4 Rd6 45. Bh3 Rd1+ 46. Kh2 Rd2 47. Kg1 Rd1+ 48. Kh2 Rd2 49. Re8 Rxf2+ 50. Kg1 Rd2 51.
Rf8+ Ke7 52. Rxf3 Bb6+ 53. Kf1 Rxa2 0-1

[Event "*** Titled Tuesday Blitz"]
[Site "Chess.com"]
[Date "2020.04.21"]
[Round "6"]
[White "KinKaiser"]
[Black "EvgenyRomanov"]
[Result "1/2-1/2"]
[WhiteElo "2496"]
[BlackElo "2628"]
[TimeControl "180+1"]
[EndTime "11:10:02 PDT"]
[Termination "Game drawn by repetition"]

1. d4 Nf6 2. Nf3 e6 3. Bf4 c5 4. e3 Qb6 5. Qc1 Nc6 6. c3 d5 7. Nbd2 Bd7 8. Qc2 Rc8 9. Qb3 Nh5 10. Bg3 Nxg3 11. hxg3 c4 12. Qxb6 axb6 13. a3 f5 14. Nh2 g5 15. f4 g4 16. Be2 Be7 17. Nhf1 h5 18. Kf2 Kf7 19. Rb1 b5 20. Ra1 Ra8 21. Rb1 Rh7 22. Bd1 b6 23. Be2 Na5 24. Rc1 Nb7 25.
Rb1 Nd6 26. Rc1 Rah8 27. Rd1 b4 28. axb4 Ba4 29. Ra1 b5 30. Bd1 Ra8 31. Bxa4 bxa4 32.
Ke2 Kg6 33. Ra2 Bf6 34. Ra1 Rha7 35. Nb1 Ne4 36. Nbd2 a3 37. Nxe4 axb2 38. Rb1 fxe4 39. Nd2 Ra3 40. Rxb2 Rxc3 41. b5 Rca3 42. Nb1 Ra2 43.
Rd2 Rxd2+ 44. Kxd2 Ra2+ 45. Kc3 Bd8 46. Kb4 Bb6 47.
Rc1 Rb2+ 48. Kc3 Rxb5 49. Kc2 Rb3 50. Nc3 Ba5 51. Kd2 h4 52. gxh4 g3 53. Rc2 Kh5 54.
Rc1 Kxh4 55. Rh1+ Kg4 56. Rc1 Kf5 57. Rc2 Kf6 58. Rc1 Ke7 59. Rc2 Kd6 60. Rc1 Kc6 61. Rc2 Rxc3 62. Rxc3 Kb5 63. Kc2 Bxc3 64. Kxc3 Ka4 65.
Kb2 Kb4 66. Kc2 c3 67. Kc1 Kb3 68. Kb1 Kb4 69. Kc1 Kb5 70. Kb1 Kb4 71. Kc1 1/2-1/2

[Event "*** Titled Tuesday Blitz"]
[Site "Chess.com"]
[Date "2020.04.21"]
[Round "6"]
[White "binbin239"]
[Black "bupunsu01"]
[Result "1-0"]
[WhiteElo "2445"]
[BlackElo "2287"]
[TimeControl "180+1"]
[EndTime "11:10:02 PDT"]
[Termination "binbin239 won on time"]

1. d4 Nf6 2. c4 g6 3. Nc3 Bg7 4. Nf3 O-O 5. g3 d6 6. Bg2 Nc6 7. d5 Na5 8. Nd2 c5 9. O-O a6 10. Qc2 Rb8 11. b3 b5 12. Bb2 Bf5 13. e4 Bd7 14.
Nd1 e6 15. e5 Ne8 16. dxe6 Bxe6 17. exd6 bxc4 18. Bxg7 Nxg7 19. bxc4 Qxd6 20. Ne4 Qd4 21. Ne3 Nxc4 22. Nxc4 Qxc4 23. Qxc4 Bxc4 24. Rfc1 Be6 25. Nxc5 Rb6 26. a4 Bc8 27. a5 Rb2 28. Bf1 Rd8 29.
Nxa6 Bb7 30. Nc5 Ba8 31. Nd3 Rd2 32. Nf4 Nf5 33. a6 Nd4 34. Bg2 Nb3 35. Bxa8 Nxa1 36. Bd5 g5 37. a7 gxf4 38. a8=Q Rxa8 39. Bxa8 Nb3 40. Rc8+ Kg7 41. gxf4 Nd4 42. Kg2 Ne6 43. Kg3 Rd3+ 44. f3 Kf6 45. Be4 Rd4 46. Rc6 Ke7 47. Bxh7 Nxf4 48. Be4 Ne6 49. Ra6 Rd2 50. h4 Rd1 51. Ra7+ Kf6 52. Bc6 Nd4 53. Be8 Nf5+ 54. Kf2 Nxh4 55. Rxf7+ Ke6 56. Ra7 Rd2+ 57. Kg3 Nf5+ 58.
Kf4 Nd6 59. Bd7+ Kd5 60. Ra5+ Kc4 61. Kg5 1-0

[Event "*** Titled Tuesday Blitz"]
[Site "Chess.com"]
[Date "2020.04.21"]
[Round "6"]
[White "Grieve72"]
[Black "Blagorod"]
[Result "1-0"]
[WhiteElo "2338"]
[BlackElo "2121"]
[TimeControl "180+1"]
[EndTime "11:10:02 PDT"]
[Termination "Grieve72 won by checkmate"]

1. e4 e5 2. Nf3 Nf6 3. Nxe5 d6 4. Nf3 Nxe4 5. Nc3 Nxc3 6. dxc3 Be7 7. Be3 Nc6 8. Qd2 Be6 9. O-O-O Qd7 10. Kb1 O-O-O 11. Nd4 a6 12. Nxe6 fxe6 13. g3 d5 14. Bh3 Qd6 15.
Bf4 Qc5 16. Bxe6+ Kb8 17. Rhe1 Bf6 18. Be3 d4 19. cxd4 Nxd4 20. Bxd4 Rxd4 21. Qe3 Qb6 22. Rxd4 Bxd4 23. Qb3 Bxf2 24. Qxb6 Bxb6 25. c3 Rf8 26. Re2 Rf2 27. Rxf2 Bxf2 28. Kc2 h6 29. Kd3 b6 30. Ke4 Bc5 31. Kf5 Bd6 32. Bd5 Kc8 33. Bc6 Kd8 34.
Ke6 a5 35. a3 h5 36. Kf7 Be5 37. Bf3 g5 38. Bxh5 Kd7 39. Kg6 Kd6 40. Kxg5 Kc5 41.
Bf7 b5 42. Kf5 Bh8 43. g4 b4 44. axb4+ axb4 45. cxb4+ Kxb4 46. b3 c5 47. g5 Kc3 48.
h4 Kd4 49. h5 Ke3 50. h6 Kf3 51.
g6 Bc3 52. g7 Bd2 53. h7 Bh6 54. g8=Q Be3 55. h8=Q Ke2 56. Qh3 Bd4 57. Qgg4+ Kd2 58. Qe4 Kc1 59. Qf1+ Kb2 60. Qc4 Ka3 61. Qec2 Bb2 62.
Qa4# 1-0

[Event "*** Titled Tuesday Blitz"]
[Site "Chess.com"]
[Date "2020.04.21"]
[Round "6"]
[White "Efremov_Vlad"]
[Black "CookiesAndIceCream"]
[Result "0-1"]
[WhiteElo "2119"]
[BlackElo "2366"]
[TimeControl "180+1"]
[EndTime "11:10:03 PDT"]
[Termination "CookiesAndIceCream won by resignation"]

1. c4 e5 2. g3 Nf6 3. Bg2 d5 4.
cxd5 Nxd5 5. Nc3 Nb6 6. Nf3 Nc6 7. O-O Be7 8. d3 O-O 9. Bd2 Re8 10. a3 Bf8 11. b4 Bg4 12. Ne4 a5 13. Rb1 axb4 14. axb4 Nd4 15. Nxd4 exd4 16. h3 Bd7 17. Nc5 Bxc5 18. bxc5 Ba4 19. Qe1 Nd5 20. Rxb7 Qd7 21. Rb1 Bc2 22. c6 Qd6 23. Rb5 Nb6 24. Bf4 Qd8 25.
Qd2 Ra2 26. Bf3 Bb3 27. Qc1 Bd5 28. Bxd5 Nxd5 29. Qc4 Nxf4 30. Qxa2 Nxe2+ 31. Kg2 Nc3 32. Qc4 Nxb5 33. Qxb5 Qd6 34. Ra1 g6 35. Qc4 Kg7 36.
Ra4 Re6 37. Qxd4+ Qxd4 38. Rxd4 Rxc6 39. Rd7 Kf6 40. f4 Ke6 41. Rd4 Rc2+ 42. Kf3 f5 43. Rd8 Rd2 44. Rh8 Rxd3+ 45. Kf2 Ra3 46. Rxh7 c5 47. Rg7 c4 48. Rxg6+ Kd5 49. Rg8 c3 50. Rd8+ Ke4 51. Re8+ Kd3 52. Rd8+ Kc4 53. Rc8+ Kb3 54. Rb8+ Ka2 55. Rc8 Kb2 56. Rb8+ Rb3 57. Rc8 c2 58. g4 Rc3 59. Rb8+ Ka3 60. Ra8+ Kb4 61. Ra1 c1=Q 62. Rxc1 Rxc1 63. gxf5 Kc5 64. Kf3 Kd6 65. Kg4 Ke7 66. h4 Kf6 67. Kf3 Rh1 0-1

[Event "*** Titled Tuesday Blitz"]
[Site "Chess.com"]
[Date "2020.04.21"]
[Round "6"]
[White "abubakrtagelsir"]
[Black "TudorAnton"]
[Result "1-0"]
[WhiteElo "2357"]
[BlackElo "2517"]
[TimeControl "180+1"]
[EndTime "11:10:04 PDT"]
[Termination "abubakrtagelsir won by resignation"]

1. e4 e5 2. Nf3 Nc6 3. d4 exd4 4. Bc4 Nf6 5. e5 d5 6. Bb5 Ne4 7. Nxd4 Bd7 8. Bxc6 bxc6 9. O-O Bc5 10. f3 Ng5 11. f4 Ne4 12. Be3 O-O 13. Nd2 f6 14. Nxe4 dxe4 15. exf6 Qxf6 16. c3 Rab8 17. Qe2 Kh8 18.
Kh1 Bd6 19. Rad1 c5 20. Nb3 Bb5 21. c4 Ba4 22. Rd5 Bxb3 23. axb3 Rxb3 24. Bxc5 Rxb2 25.
Qxe4 Bxc5 26. Rxc5 Rf2 27. Rg1 Rxf4 28. Qe3 Qb6 29. Qe5 Rf1 30. h3 Rxg1+ 31. Kxg1 h6 32. Qxc7 Qf6 33. Kh2 Qd4 34. Qe5 Qxe5+ 35. Rxe5 Ra8 36.
Ra5 Kg8 37. Kg3 Kf7 38. Ra6 Ke7 39. Kf4 Kd7 40. Ke5 Kc7 41. Rg6 a5 42. Rxg7+ Kc6 43. Kd4 a4 44. Rg6+ Kd7 45. Rb6 a3 46. Rb1 a2 47.
Ra1 Ra3 48. Kc5 Kc7 49. Kb4 Ra8 50. Kb3 Kc6 51. Rxa2 Rg8 52. g4 Kc5 53. Ra5+ Kd4 54. Rd5+ Ke4 55. Rh5 Rg6 56. Kb4 Rb6+ 57. Ka5 Rb8 58.
c5 Kd4 59. c6 Rb1 60. c7 Rc1 61. Kb6 Rb1+ 62. Kc6 Rc1+ 63. Kd7 Ke4 64. c8=Q Rxc8 65. Kxc8 1-0

[Event "*** Titled Tuesday Blitz"]
[Site "Chess.com"]
[Date "2020.04.21"]
[Round "6"]
[White "shyam"]
[Black "jefferyx"]
[Result "0-1"]
[WhiteElo "2649"]
[BlackElo "2847"]
[TimeControl "180+1"]
[EndTime "11:10:05 PDT"]
[Termination "jefferyx won by resignation"]

1. d4 Nf6 2. Nc3 d5 3. Bf4 e6 4. e3 Bb4 5. Ne2 O-O 6. a3 Be7 7. Qd2 c5 8. g4 Nc6 9. g5 Nd7 10. h4 b5 11. Bg2 Nb6 12. b3 b4 13. axb4 cxb4 14. Na4 Nxa4 15. Rxa4 Bd7 16. Ra2 a5 17. Bg3 Na7 18. f4 Nb5 19. h5 Nd6 20. Bf2 Rc8 21.
Ng3 Qc7 22. Bf3 a4 23. bxa4 Qc4 24. Rb2 Bxa4 25. g6 Bxc2 26. Rxb4 Ne4 27. gxf7+ Kxf7 28. Rxc4 Nxd2 29. Rxc8 Nxf3+ 30. Ke2 Nxd4+ 31. exd4 Rxc8 32. Rc1 Rc4 33. Be3 Bh4 34. Kf3 Ba4 35. Ra1 Be7 36.
Nf1 Bc2 37. Nd2 Rc3 38. Ra7 Bd1+ 39. Kf2 Bxh5 40. f5 Kf6 41. Bg5+ Kxg5 42. Rxe7 Rd3 43. Nf1 exf5 44. Rxg7+ Kf4 45. Rxh7 Bg4 46. Re7 Rxd4 47. Ra7 Rb4 48. Ra2 d4 49. Rd2 Ke5 50. Ra2 f4 51.
Nd2 d3 52. Ra3 Kd4 53. Ra2 Kc3 54. Ke1 Be6 55. Ra3+ Kd4 56. Ra1 Bd5 57. Nf1 Rb2 58.
Nd2 Kc3 59. Nb1+ Kb4 60. Nd2 f3 61. Rc1 f2+ 62. Kxf2 Rxd2+ 63. Ke3 Rc2 64. Rb1+ Kc3 65. Rb8 Re2+ 66. Kf4 d2 67. Rc8+ Kd4 0-1

[Event "*** Titled Tuesday Blitz"]
[Site "Chess.com"]
[Date "2020.04.21"]
[Round "6"]
[White "Shuvatkin_Vladimir"]
[Black "Vesper2018"]
[Result "0-1"]
[WhiteElo "2290"]
[BlackElo "2000"]
[TimeControl "180+1"]
[EndTime "11:10:05 PDT"]
[Termination "Vesper2018 won on time"]

1. d4 Nf6 2. Nf3 g6 3. g3 Bg7 4. Bg2 O-O 5. O-O d6 6. c4 Nc6 7. Nc3 a6 8. b3 Rb8 9. Bb2 b5 10. cxb5 axb5 11. Rc1 b4 12. Na4 Na7 13. Re1 Bb7 14.
Qd2 e6 15. Qd3 Be4 16. Qc4 Rb7 17. Nd2 Bxg2 18. Kxg2 Nd7 19. e4 Nb5 20. Nf3 Qb8 21.
Red1 Rc8 22. Qc6 Nf6 23. e5 Nd5 24. exd6 Nxd6 25. Ne5 Qa8 26. Nc5 Ra7 27. Qxa8 Rcxa8 28. Na4 Rxa4 29. bxa4 Rxa4 30. Nc4 Nxc4 31. Rxc4 Rxa2 32.
Rb1 f5 33. Rc6 Kf7 34. Kf3 Bf8 35. Bc1 Bd6 36. Bf4 Bxf4 37. gxf4 Ra3+ 38. Kg2 Nxf4+ 39. Kf1 Nd5 40. Re1 b3 41. Rb1 Ke7 42. Rc5 Kd7 43.
Rb5 Nc3 44. R1xb3 Nxb5 45. Rxb5 Rd3 46. Rb4 Kd6 47. Ke2 Rh3 48. Ra4 Rxh2 49. Ra6+ Kd7 50. Ra4 g5 51. Kf3 h5 52. Kg3 Rh1 53. Ra8 Rd1 54.
Rg8 g4 55. Rh8 Rxd4 56. Rxh5 c5 57. Kg2 c4 58. Rh7+ Kd6 59. Rh8 Rd5 60. Kf1 c3 61. Ke2 c2 62. Rc8 Rc5 0-1

[Event "*** Titled Tuesday Blitz"]
[Site "Chess.com"]
[Date "2020.04.21"]
[Round "6"]
[White "NZT72"]
[Black "Ladislav1969"]
[Result "1-0"]
[WhiteElo "2442"]
[BlackElo "2259"]
[TimeControl "180+1"]
[EndTime "11:10:06 PDT"]
[Termination "NZT72 won by resignation"]

1. c4 Nf6 2. g3 g6 3. Bg2 d5 4.
cxd5 Nxd5 5. Nc3 Nxc3 6. bxc3 c5 7. h4 Bg7 8. h5 O-O 9. Nf3 Nc6 10. Qa4 e5 11.
Ba3 Qa5 12. Qxa5 Nxa5 13. Bxc5 Rd8 14. hxg6 hxg6 15. Ng5 Nc4 16. d3 e4 17. Nxe4 f5 18.
dxc4 fxe4 19. Rc1 Bf5 20. g4 Bxg4 21. Bxe4 Be6 22. Bxb7 Rab8 23. Bd5 Bxd5 24. cxd5 Rxd5 25. Bxa7 Bxc3+ 26. Kf1 Ra8 27. Rxc3 Rxa7 28. a3 Rd2 29. Rhh3 Re7 30. Rhe3 Rb7 31. a4 Ra2 32. Ra3 Rb1+ 33.
Kg2 Rba1 34. Rxa2 Rxa2 35. Re4 Kf7 36. Kf3 Kf6 37. Rb4 Kf5 38. Rb5+ Ke6 39. a5 Ra3+ 40. e3 Ra4 41. Rb6+ Kf5 42. a6 g5 43. Rb5+ Kf6 44.
Rb6+ Kf5 45. e4+ Ke5 46. Rb5+ Kf6 47. e5+ Kf5 48. e6+ Kxe6 49. Rxg5 Kf6 50. Rh5 Kg6 51. Rb5 Rxa6 52. Kg4 Kf6 53. f4 Ra4 54. Rh5 Kg6 55. Rg5+ Kf6 56. Rg8 Kf7 57. Rb8 Ra1 58. Kg5 Ra5+ 59.
f5 Ra1 60. Rb7+ Kf8 61. Kg6 Ra8 62. f6 Kg8 63. Rg7+ Kh8 64. Rh7+ Kg8 65. f7+ Kf8 66. Rh8+ Ke7 67. Rxa8 Ke6 68. f8=Q 1-0

[Event "*** Titled Tuesday Blitz"]
[Site "Chess.com"]
[Date "2020.04.21"]
[Round "6"]
[White "FCChelsea14"]
[Black "JiaHaoxiang"]
[Result "1/2-1/2"]
[WhiteElo "2757"]
[BlackElo "2583"]
[TimeControl "180+1"]
[EndTime "11:10:07 PDT"]
[Termination "Game drawn by stalemate"]

1. d4 d5 2. Nf3 Nf6 3. c4 c6 4.
Qb3 dxc4 5. Qxc4 Bf5 6. g3 e6 7. Bg2 Nbd7 8. O-O Be7 9. Rd1 O-O 10. e3 Ne4 11. Qe2 Rc8 12. Nfd2 Ndf6 13. Nc3 Nxc3 14. bxc3 Qa5 15. Bb2 Rfd8 16. e4 Bg4 17. f3 Bh5 18.
Nc4 Qa6 19. Bf1 c5 20. g4 Bg6 21. a4 cxd4 22. cxd4 Nd7 23. a5 Nb8 24. Rac1 Qb5 25. Qf2 Qg5 26. Ne5 Bd6 27. h4 Qf4 28. Nd3 Qg3+ 29.
Qxg3 Bxg3 30. h5 Nc6 31. hxg6 hxg6 32. Nc5 Nxa5 33. Kg2 Bf4 34. Rc3 b6 35. Na4 Bd6 36. Rxc8 Rxc8 37. Rc1 Rd8 38. Nc3 Nb3 39. Rd1 Bb4 40.
Nb5 a6 41. Nc7 a5 42. Bc4 Rc8 43. Bxb3 Rxc7 44. d5 exd5 45. exd5 b5 46. d6 Rd7 47. Be5 a4 48. Bd5 Rd8 49. Bc6 f6 50. Bg3 a3 51.
Bxb5 a2 52. Bc4+ Kf8 53. Bxa2 g5 54. Be6 g6 55. d7 Ke7 56. Bb3 Rxd7 57. Rxd7+ Kxd7 58. Bf7 f5 59. Bxg6 fxg4 60. fxg4 Ke7 61. Kf3 Bd2 62.
Bc2 Kf6 63. Ke4 Bc3 64. Bd6 Bb2 65. Bc5 Bc1 66. Bd4+ Kg6 67. Ke5+ Kh6 68. Kf5 Bf4 69. Bc5 Kg7 70. Be7 Kh6 71. Ke6 Kg7 72. Bf6+ Kh6 73. Kf7 Be5 74. Be7 Bd6 75. Bf8+ Bxf8 76. Kxf8 1/2-1/2

[Event "*** Titled Tuesday Blitz"]
[Site "Chess.com"]
[Date "2020.04.21"]
[Round "6"]
[White "dukicz123"]
[Black "Manukyan_Artak"]
[Result "1/2-1/2"]
[WhiteElo "2577"]
[BlackElo "2364"]
[TimeControl "180+1"]
[EndTime "11:10:11 PDT"]
[Termination "Game drawn by repetition"]

1. e4 c6 2. d4 d5 3. Nd2 dxe4 4. Nxe4 Nf6 5. Nxf6+ exf6 6. c3 Bd6 7. Bd3 O-O 8.
Qc2 h6 9. Ne2 Qc7 10. h3 c5 11.
dxc5 Qxc5 12. O-O Nc6 13. Be3 Qh5 14. Nf4 Bxf4 15. Bxf4 Ne5 16. Be2 Qf5 17. Qxf5 Bxf5 18. Rfd1 Rad8 19. Be3 a6 20. Bb6 Rxd1+ 21. Rxd1 Rc8 22.
Rd4 Be6 23. f4 Nc4 24. f5 Nxb6 25. fxe6 fxe6 26. Rb4 Rc6 27. Bf3 Nd5 28. Rxb7 Kf8 29. Rd7 Rb6 30. Bxd5 exd5 31. b3 Rc6 32. Rxd5 Rxc3 33.
Ra5 Rc6 34. Kf2 g5 35. Ke3 Kg7 36. b4 Rd6 37. a4 Kg6 38. b5 axb5 39. axb5 h5 40.
Ra4 Rb6 41. Rb4 Kf5 42. Kd4 Ke6 43. Kc5 Rb8 44. b6 Kd7 45. Rd4+ Ke6 46. Kc6 Rc8+ 47. Kb7 Rc2 48. Rb4 Rxg2 49. Kc8 Rc2+ 50. Kb8 Rd2 51. b7 Rd7 52. Kc8 Rxb7 53. Kxb7 f5 54. Kc6 g4 55.
hxg4 hxg4 56. Kc5 Ke5 57. Kc4 Ke4 58. Kc3+ Ke3 59. Kc2 f4 60. Kd1 g3 61. Rb8 Kf2 62. Rb2+ Kg1 63. Ke2 Kg2 64. Ke1+ Kg1 65. Ke2 Kg2 66.
Ke1+ Kg1 67. Ke2 1/2-1/2